Map: Deathaura LE

Players

RyuKey - Winner!

  • Race: Terran Terran
  • League: Diamond
  • Spawn Location: 11:00

Jaykantos

  • Race: Zerg Zerg
  • League: Platinum
  • Spawn Location: 5:00

VOD

Have the link to the VOD?

Description

Time

  • Played on: June 19, 2020, 7:04 a.m.
  • Length: 7:24
Show
View Real Time Build Order
Export as new Build Order

RyuKey Terran - Winner!

Build Orders:  

Get SALT Encoding   

  12  0:00  SCV  
  13  0:14  Supply Depot  
  13  0:37  Barracks  
  13  0:46  Barracks  
  13  1:01  Barracks  
  13  1:05  SCV  
  15  1:24  Marine  
  16  1:27  Orbital Command  
  15  1:33  Marine  
  16  1:42  Supply Depot  
  16  1:43  Marine  
  17  1:49  Marine  
  18  1:55  Marine  
  19  2:02  Marine  
  19  2:06  Marine  
  21  2:13  Marine  
  22  2:19  SCV, Marine  
  24  2:24  Marine  
  25  2:31  Bunker, Marine  
  26  2:39  Marine  
  26  2:42  Marine  
  28  2:48  Marine  
  27  2:57  Marine  
  27  3:00  Marine  
  26  3:06  Marine  
  27  3:13  SCV  
  27  3:15  Marine  
  27  3:18  Marine  
  30  3:24  Marine  
  31  3:29  Supply Depot  
  31  3:30  Refinery  
  31  3:45  SCV  
  31  3:57  SCV  
  32  4:03  Supply Depot  
  32  4:06  Command Center  
  32  4:09  SCV  
  33  4:17  Bunker  
  33  4:21  SCV  
  34  4:29  Refinery  
  34  4:35  SCV  
  35  4:48  SCV  
  35  4:49  Bunker  
  36  4:54  Factory  
  36  5:00  SCV  
  36  5:05  Barracks Reactor, Barracks Tech Lab  
  37  5:12  SCV  
  38  5:19  Orbital Command  
  38  5:24  SCV  
  39  5:30  Marine  
  40  5:36  SCV  
  41  5:43  Factory Tech Lab  
  41  5:44  Starport  
  41  5:48  SCV, Marine x4  
  46  5:55  SCV  
  47  6:00  SCV  
  48  6:07  SCV  
  48  6:10  Hellion  
  44  6:19  Marine  
  44  6:20  Marine x3  
  45  6:36  Hellion, Liberator  
  48  6:46  Bunker  
  46  6:49  SCV  
  46  6:51  Marine  
  46  6:52  Marine x2  
Show
View Real Time Build Order
Export as new Build Order

Jaykantos Zerg 

Build Orders: Hatch First 

Get SALT Encoding   

  12  0:01  Drone  
  13  0:13  Overlord  
  13  0:18  Drone  
  14  0:32  Drone x2  
  16  0:44  Drone  
  17  0:53  Hatchery  
  16  1:00  Drone  
  16  1:01  Drone  
  18  1:04  Extractor  
  17  1:17  Spawning Pool  
  16  1:20  Drone  
  16  1:24  Drone  
  18  1:33  Drone  
  19  1:42  Drone  
  20  1:51  Overlord  
  20  2:01  Drone  
  20  2:05  Queen x2  
  25  2:10  Zergling x2  
  25  2:12  Zergling x2  
  27  2:16  Metabolic Boost  
  27  2:29  Drone  
  30  2:30  Drone x2  
  28  2:38  Spine Crawler  
  28  2:42  Spine Crawler  
  24  2:53  Zergling x4  
  20  3:22  Queen  
  20  3:26  Zergling x4  
  24  3:30  Zergling x2  
  25  3:48  Overlord  
  25  3:49  Overlord x2  
  25  3:57  Extractor  
  25  3:58  Lair  
  24  4:17  Zergling x4  
  26  4:34  Zergling x8  
  30  4:43  Baneling Nest  
  29  4:55  Zergling x2  
  29  4:56  Zergling x2  
  31  5:03  Nydus Network  
  31  5:04  Drone  
  31  5:10  Overlord  
  31  5:12  Zergling x4  
  33  5:21  Drone  
  34  5:47  Nydus Canal  
  34  5:50  Zergling x12  
  34  5:56  Queen  
  41  6:19  Zergling x4  
  40  6:27  Overseer  
  36  6:44  Spine Crawler  
  27  6:55  Spine Crawler  
  27  6:57  Spine Crawler  
  27  6:58  Zergling x6  
Tags
 
Add a new tag
Caveats
  • Supply blocks, unpowered buildings, or Contaminate may cause inaccurate times.
  • Supply counts are checked every 10 seconds.